 Dungeon Crawl Stone Soup version 0.29-a0-234-g0dae59b3db (webtiles) character file.

Game seed: 9123791564416621315

53 spaghetti the Digger (level 3, -1/21 HPs)
             Began as an Octopode Earth Elementalist on Mar 2, 2022.
             Was a Follower of Sif Muna.
             Slain by a goblin
             ... wielding a +0 club
              (3 damage)
             ... on level 3 of the Dungeon.
             The game lasted 00:02:42 (1915 turns).

spaghetti the Digger (Octopode Earth Elementalist)  Turns: 1915, Time: 00:02:42

Health: -1/21      AC:  1    Str:  7    XL:     3   Next: 89%
Magic:  3/6        EV: 17    Int: 19    God:    Sif Muna [*.....]
Gold:   153        SH:  0    Dex: 12    Spells: 5/6 levels left

rFire   . . .      SeeInvis .   (no weapon)
rCold   . . .      Faith    .   (no shield)
rNeg    . . .      Spirit   .   (helmet restricted)
rPois   .          Reflect  .   (no amulet)
rElec   .          Harm     .   g - ring of resist corrosion
rCorr   +          Rampage  .   m - +4 ring of evasion
Will    .....                   (no ring)
Stlth   +++.......              (no ring)
HPRegen 0.07/turn               (no ring)
MPRegen 0.10/turn               (no ring)
                                (no ring)
                                (no ring)

@: hasted, very quick
A: almost no armour, amphibious, 8 rings, camouflage 1, gelatinous body 1,
(nimble swimmer 1), tentacles
a: Renounce Religion, Channel Magic


You were on level 3 of the Dungeon.
You worshipped Sif Muna.
Sif Muna was aware of your devotion.
You visited 1 branch of the dungeon, and saw 3 of its levels.

You collected 153 gold pieces.


Innate Abilities, Weirdness & Mutations

You cannot wear most types of armour.
You are amphibious.
You can wear up to eight rings at the same time.
Your skin changes colour to match your surroundings (Stealth+).
Your rubbery body absorbs attacks. (AC +1, EV +1)
((You are camouflaged when in or above water. (Stealth+)))
You have tentacles for arms and can constrict up to eight enemies at once.


   Skills:
 - Level 2.0 Dodging
 - Level 2.6 Stealth
 + Level 2.1 Spellcasting
 - Level 1.0 Transmutations
 + Level 4.6 Earth Magic


You had 5 spell levels left.
You knew the following spells:

 Your Spells              Type           Power      Damage    Failure   Level
a - Sandblast             Erth           38%        2d10      2%          1

Your spell library contained the following spells:

 Spells                   Type           Power      Damage    Failure   Level
 Passwall                 Tmut/Erth      10%        N/A       8%          2
 Animate Skeleton         Necr           2%         N/A       17%         1
 Foxfire                  Conj/Fire      4%         2x1d4     17%         1
 Pain                     Necr           4%         1d4       17%         1
 Stone Arrow              Conj/Erth      20%        3d8       19%         3
 Conjure Flame            Conj/Fire      1%         6-21      45%         3
 Inner Flame              Hex/Fire       1%         N/A       45%         3
 Vampiric Draining        Necr           1%         2d6       45%         3
 Petrify                  Tmut/Erth      12%        N/A       45%         4
 Flame Wave               Conj/Fire      1%         2d4       86%         4

Inventory:

Hand Weapons
 b - a +0 club {mace}
   (You took it off a goblin on level 1 of the Dungeon)
 c - a +0 spear {polearm}
   (You found it on level 3 of the Dungeon)
 h - a +0 dagger {short}
   (You took it off a goblin on level 1 of the Dungeon)
 i - a +0 dagger {short}
   (You took it off a kobold on level 1 of the Dungeon)
 j - a +0 dagger {short}
   (You took it off a goblin on level 2 of the Dungeon)
 k - a +0 mace {mace}
   (You found it on level 2 of the Dungeon)
 l - a +0 club {mace}
   (You found it on level 2 of the Dungeon)
 o - a +0 flail {mace}
   (You took it off a gnoll on level 2 of the Dungeon)
 p - a +0 club {mace}
   (You took it off a kobold on level 3 of the Dungeon)
 q - a +0 whip {mace}
   (You took it off a gnoll on level 2 of the Dungeon)
 r - a +0 halberd {polearm}
   (You took it off a gnoll on level 2 of the Dungeon)
Missiles
 a - 54 stones {throwing}
 e - 3 poisoned darts {throwing}
 n - 6 boomerangs {throwing}
Jewellery
 g - a ring of resist corrosion (left tentacle)
   (You found it on level 1 of the Dungeon)
 m - a +4 ring of evasion (right tentacle)
   (You found it on level 2 of the Dungeon)
Scrolls
 d - a scroll of magic mapping {!r}
Potions
 f - 2 potions of haste {@q3}
 s - a potion of cancellation {unknown}
 t - a potion of degeneration {unknown}

Dungeon Overview and Level Annotations

Branches:
Dungeon (3/15)

Altars:
Cheibriados
Sif Muna

Annotations:
D:3 Terence

#...# #..#
#...###########..#
#...##....[......#
#......#########.#
##..#### .# #..@#
.# #..## .# #..#
.# #@.# .. #g.# ..
#..# #..# ###
##..# #.. #...##
#.# #.###.## #.#
#.#
##.###########.#
#. #..............


You could see Terence and a goblin.


Message History

The kobold throws a stone.
The stone hits you but does no damage.
Aiming: Sandblast (safe; 2% risk of failure)
Press: ? - help, Q - select action, (/) - cycle Shift-Dir - straight line, f - kobold
Aim: a kobold, wielding a +0 club and quivering stones (74% to hit)
The blast of sand hits the kobold!
You kill the kobold!
Sif Muna accepts your kill. 😎 MP[-1]
You lost 1 mp, and now have 4/6 mp.
Aiming: Sandblast (safe; 2% risk of failure)
Press: ? - help, Q - select action, (/) - cycle Shift-Dir - straight line, f - you That would be overly suicidal.
Okay, then.
p - a +0 club {mace};
a - 32 stones {throwing} (gained 1)
a - 60 stones {throwing} (gained 28) Key pressed, stopping explore.
Key pressed, stopping explore.
You now have 144 gold pieces (gained 6).
Key pressed, stopping explore.
A quokka comes into view. 😎 MP[+2]
Your mp is fully restored (6).
A quokka is nearby!
You see here 9 gold pieces.
The quokka closely misses you. x2
Aiming: Sandblast (safe; 2% risk of failure)
Press: ? - help, Q - select action, (/) - cycle Shift-Dir - straight line, f - quokka
Aim: a quokka (71% to hit)
The blast of sand hits the quokka!
You kill the quokka!
Sif Muna accepts your kill. 😎 MP[-1]
You lost 1 mp, and now have 5/6 mp.
Aiming: Sandblast (safe; 2% risk of failure)
Press: ? - help, Q - select action, (/) - cycle Shift-Dir - straight line, f - you That would be overly suicidal.
Okay, then.
You now have 153 gold pieces (gained 9).
s - a dark potion 😎 MP[+1]
Your mp is fully restored (6).
You see here a +0 chain mail.
Terence the Incautious comes into view.
He is wielding a +0 trident.
Terence shouts!
Terence hits you from afar with a +0 trident! 😮 HP[-9]
You take 9 damage, and now have 12/21 hp.
MASSIVE DAMAGE!! (PAUSE) Unknown command.
Aiming: Sandblast (safe; 2% risk of failure)
Press: ? - help, Q - select action, (/) - cycle Shift-Dir - straight line, f - Terence
Aim: Terence, wielding a +0 trident and wearing a +0 scale mail (82% to hit)
The blast of sand hits Terence but does no damage.
Terence barely misses you. 😮 MP[-1]
You lost 1 mp, and now have 5/6 mp.
Aiming: Sandblast (safe; 2% risk of failure)
Press: ? - help, Q - select action, (/) - cycle Shift-Dir - straight line, f/p - Terence
Aim: Terence, wielding a +0 trident and wearing a +0 scale mail (82% to hit)
The blast of sand hits Terence but does no damage.
Terence closely misses you. 😮 MP[-1]
You lost 1 mp, and now have 4/6 mp.
Aiming: Sandblast (safe; 2% risk of failure)
Press: ? - help, Q - select action, (/) - cycle Shift-Dir - straight line, f/p - Terence
Aim: Terence, wielding a +0 trident and wearing a +0 scale mail (82% to hit)
The blast of sand hits Terence but does no damage.
Terence closely misses you. 😮 MP[-1]
You lost 1 mp, and now have 3/6 mp.
Aiming: Sandblast (safe; 2% risk of failure)
Press: ? - help, Q - select action, (/) - cycle Shift-Dir - straight line, f/p - Terence
Aim: Terence, wielding a +0 trident and wearing a +0 scale mail (82% to hit)
The blast of sand hits Terence.
Terence closely misses you. 😮 MP[-1]
You lost 1 mp, and now have 2/6 mp.
Aiming: Sandblast (safe; 2% risk of failure)
Press: ? - help, Q - select action, (/) - cycle Shift-Dir - straight line, f/p - Terence
Aim: Terence, wielding a +0 trident and wearing a +0 scale mail (lightly wounded, 82% to hit)
The blast of sand hits Terence.
Terence hits you from afar with a +0 trident!
Ouch! That really hurt!
* * * LOW HITPOINT WARNING * * *
😱 HP[-11] MP[-1]
You take 11 damage, and now have 1/21 hp.
MASSIVE DAMAGE!! (PAUSE)
You lost 1 mp, and now have 1/6 mp. 😱 HP[+1]
You see here a +0 chain mail. 😱 MP[+1]
A goblin comes into view. It is wielding a +0 club.
Terence says, "How do you enjoy it?"
Okay, then.
You feel yourself speed up.
The goblin shouts!
Terence closely misses you. 😱 MP[+1]
The goblin hits you with a +0 club.
You die...

Skill      XL: |  1  2 |
---------------+-------+-----
Earth Magic    | 4 |  4.6
Dodging        | |  2.0
Stealth        | |  2.6
Spellcasting   | |  2.1
Transmutations | |  1.0

Action                   || total
-------------------------++-------
Melee: Unarmed           ||     7
       Constrict         ||     2
       Tentacles         ||     1
 Cast: Sandblast         ||    32
  Use: Scroll            ||     5
       Potion            ||     1
 Stab: Sleeping          ||     1
Armor: Skin              ||     2
Dodge: Dodged            ||    15

Levels and vault maps discovered:
D:1:      dpeg_arrival_oval, layout_rooms, basic_ecumenical_altar
D:2:      layout_loops_ring
D:3:      layout_loops_ring, lemuel_doored_altar, grunt_decor_arrowhead,
          uniq_terence

Notes
Turn   | Place    | Note
-------+----------+-------------------------------------------
     0 | D:1      | spaghetti the Octopode Earth Elementalist began the quest
                  | for the Orb.
     0 | D:1      | Reached XP level 1. HP: 11/11 MP: 3/3
     0 | D:1      | magus.rc [v1.9.6]
   110 | D:1      | magus.rc [v1.9.6]
   149 | D:1      | Found a faded altar of an unknown god.
   224 | D:1      | Prayed at the altar of an unknown god.
   224 | D:1      | Became a worshipper of Sif Muna the Loreminder
   224 | D:1      | Reached * piety under Sif Muna
   352 | D:1      | You pick up a book of Flames and begin reading...
   352 | D:1      | You add the spells Foxfire, Conjure Flame, Inner Flame and
                  | Flame Wave to your library.
   478 | D:1      | Reached XP level 2. HP: 17/17 MP: 3/5
   816 | D:2      | You pick up a book of Geomancy and begin reading...
  1139 | D:2      | Reached skill level 4 in Earth Magic
  1139 | D:2      | Reached XP level 3. HP: 21/21 MP: 3/6
  1204 | D:2      | You pick up a book of Necromancy and begin reading...
  1204 | D:2      | You add the spells Pain, Animate Skeleton and Vampiric
                  | Draining to your library.
  1742 | D:3      | Found a snail-covered altar of Cheibriados.
  1893 | D:3      | Noticed Terence
  1898 | D:3      | HP: 1/21 [Terence/+0 trident (11)]
  1915 | D:3      | Slain by a goblin

Vanquished Creatures
  3 gnolls (D:2)
  3 ball pythons (D:1)
  2 bats (D:2)
  An endoplasm (D:2)
  2 giant cockroaches
  3 hobgoblins
  2 kobolds
  3 quokkas
  2 frilled lizards
  3 goblins
24 creatures vanquished.

Table legend:
 A = Non-vault XP
 B = Vault XP
 C = Vault XP percentage of total XP
 D = Non-vault monster count
 E = Vault monster count
 F = Vault count percentage of total count
                 A         B        C        D         E       F
            +---------+---------+-------+---------+---------+-------
      Total |      77 |       0 |   0.0 |      24 |       0 |   0.0
            +---------+---------+-------+---------+---------+-------
        D:1 |      14 |       0 |   0.0 |       9 |       0 |   0.0
        D:2 |      56 |       0 |   0.0 |      11 |       0 |   0.0
        D:3 |       7 |       0 |   0.0 |       4 |       0 |   0.0
            +---------+---------+-------+---------+---------+-------

Illustrated notes

Table legend:
 A = Kills in this place as a percentage of kills in entire the game.
 B = Kills by you in this place as a percentage of kills by you in the entire game.
 C = Kills by friends in this place as a percentage of kills by friends in the entire game.
 D = Other kills in this place as a percentage of other kills in the entire game.
 E = Experience gained in this place as a percentage of experience gained in the entire game.
 F = Experience gained in this place divided by the number of levels of this place that you have seen.
                   A       B       C       D       E      F
               +-------+-------+-------+-------+-------+----------------------
         Total | 100.0 | 100.0 |   N/A |   N/A | 100.0 |  25.7
       Dungeon | 100.0 | 100.0 |   N/A |   N/A | 100.0 |  25.7
               +-------+-------+-------+-------+-------+----------------------

Table legend: (Time is in decaauts)
 A = Elapsed time spent in this place.
 B = Non-inter-level travel time spent in this place.
 C = Inter-level travel time spent in this place.
 D = Time resting spent in this place.
 E = Time spent auto-exploring this place.
 F = Levels seen in this place.
 G = Mean time per level.
                   A        B        C        D        E       F      G
               +--------+--------+--------+--------+--------+-----+--------+
         Total |   1913 |   1816 |     97 |    186 |   1430 |   3 |  637.7 |
       Dungeon |   1913 |   1816 |     97 |    186 |   1430 |   3 |  637.7 |
               +--------+--------+--------+--------+--------+-----+--------+

Top non-repeatable levels by time:
     D:2: 814 daAuts
     D:1: 728 daAuts
     D:3: 371 daAuts
